 Dungeon Crawl Stone Soup version 0.31.0-2-g5a2aebc5c2 (webtiles) character file.

Game seed: 11469243174480733071

11088 Daunt the Skirmisher (level 11, -8/82 HPs)
             Began as a Barachi Shapeshifter on Jan 21, 2024.
             Was an Elder of Hepliaklqana.
             Mangled by a troll (12 damage)
             ... on level 10 of the Dungeon.
             The game lasted 00:38:48 (8296 turns).

Daunt the Skirmisher (Barachi Shapeshifter)         Turns: 8296, Time: 00:38:48

Health: -8/82      AC:  8    Str: 15    XL:     11   Next: 72%
Magic:  11/11      EV: 15    Int: 12    God:    Hepliaklqana [****..]
Gold:   793        SH:  0    Dex: 17    Spells: 10/10 levels left

rFire   + . .        i - +0 orcbow
rCold   + . .        (shield currently unavailable)
rNeg    + . .        w - +2 robe of the Vacuum {rC+ rCorr Slay+2}
rPois   .            (no helmet)
rElec   .            P - scarf {harm}
rCorr   +            F - +0 pair of gloves
SInv    .            K - +1 pair of boots "Dompu" {Dex+2}
Will    .....        (no amulet)
Stlth   +++          j - ring of protection from fire
HPRegen 0.33/turn    H - ring of positive energy
MPRegen 0.12/turn

%: harm (+30% outgoing, +20% incoming)
@: slow
A: reduced essence, amphibious, slowness 1, strong legs 1, +LOS
a: Hop, Renounce Religion, Recall Ancestor, Ancestor Identity, Transference,
Idealise


You were on level 10 of the Dungeon.
You worshipped Hepliaklqana.
Hepliaklqana was greatly pleased with you.
You visited 1 branch of the dungeon, and saw 10 of its levels.
You also visited: Bailey.

You collected 793 gold pieces.

Inventory:

Hand Weapons
 a - a +2 sling of freezing
 i - a +0 orcbow (weapon)
 m - a +2 heavy shortbow
Missiles
 d - 37 poisoned darts
 k - 3 curare-tipped darts
 u - a throwing net
 y - 4 atropa-tipped darts
Armour
 h - a +0 cloak
 w - the +2 robe of the Vacuum (worn) {rC+ rCorr Slay+2}
   (You found it on level 3 of the Dungeon)

   Slay+2:    It affects your accuracy & damage with ranged weapons and melee
   (+2).
   rC+:       It protects you from cold.
   rCorr:     It protects you from acid and corrosion.
 F - a +0 pair of gloves (worn)
 G - an orb of mayhem
 I - a +3 leather armour of positive energy
 J - a +0 pair of boots of flying
 K - the +1 pair of boots "Dompu" (worn) {Dex+2}
   (You found it in a bailey)

   Dex+2:     It affects your dexterity (+2).
 P - a scarf of harm (worn)
 R - the +1 ring mail of Repulsion {rCorr Dex+3 Slay+2}
   (You found it on level 10 of the Dungeon)

   Dex+3:     It affects your dexterity (+3).
   Slay+2:    It affects your accuracy & damage with ranged weapons and melee
   (+2).
   rCorr:     It protects you from acid and corrosion.
Jewellery
 b - a ring of flight
 c - a ring of resist corrosion
 j - a ring of protection from fire (left hand)
 H - a ring of positive energy (right hand)
Wands
 q - a wand of mindburst (25)
Scrolls
 f - 2 scrolls of immolation
 l - 3 scrolls of revelation
 o - 3 scrolls of fear {unknown}
 p - a scroll of enchant weapon
 r - 3 scrolls of torment {unknown}
 s - 2 scrolls of amnesia {unknown}
 t - a scroll of vulnerability {unknown}
 x - a scroll of teleportation {unknown}
 z - 2 scrolls of acquirement {unknown}
 D - 3 scrolls of fog {unknown}
 E - a scroll of butterflies {unknown}
 O - a scroll of enchant armour {unknown}
 S - a scroll of poison {unknown}
Potions
 e - a potion of invisibility
 g - 2 potions of curing
 n - 3 potions of heal wounds
 v - 2 potions of might
 A - 2 potions of cancellation
 B - 2 potions of ambrosia
 C - 2 potions of attraction
 L - 2 potions of enlightenment
 M - a potion of haste
 N - a potion of lignification
Miscellaneous
 Q - a lightning rod (4/4)


   Skills:
 + Level 10.6 Fighting
 * Level 13.2 Ranged Weapons
 * Level 6.5 Armour
 + Level 6.3 Dodging
 - Level 4.0 Stealth
 - Level 3.2 Unarmed Combat
 - Level 3.2 Shapeshifting


You had 10 spell levels left.
You didn't know any spells.
Your spell library contained the following spells:

 Spells                   Type           Power      Damage    Failure   Level
 Call Imp                 Summ           0%         N/A       45%         2
 Mercury Vapours          Alch/Air       0%         N/A       45%         2
 Sublimation of Blood     Necr           0%         N/A       45%         2
 Mephitic Cloud           Conj/Alch/Air  0%         N/A       69%         3
 Tukima's Dance           Hex            0%         N/A       69%         3
 Dimensional Bullseye     Hex/Tloc       0%         N/A       97%         4
 Iskenderun's Mystic Bla  Conj/Tloc      0%         2d3       97%         4
 Freezing Cloud           Conj/Ice/Air   0%         6-21      100%        5
 Summon Hydra             Summ           0%         N/A       100%        7


Dungeon Overview and Level Annotations

Branches:
Dungeon (10/15)            Temple (0/1) D:4          Bailey (visited)
   Lair: D:8-11         Orc: D:9-12

Altars:
Cheibriados
Dithmenos
Fedhas
Gozag
Hepliaklqana
Kikubaaqudgha
Makhleb
Nemelex Xobeh
Qazlal
Ru
Trog
Wu Jian
Xom
The Shining One


Innate Abilities, Weirdness & Mutations

Your life essence is reduced to manifest your ancestor. (-10% HP)
You are amphibious.
You cover ground slowly.
You can hop short distances.
You have an extended range of vision and can be seen from far away.


Message History

A yak comes into view.
The yak moves out of view. 2 yaks come into view.
There is an open door here.
You shoot an arrow. The arrow closely misses the yak.
The yak bellows!
You shoot an arrow. The arrow hits the yak.
The yak is lightly wounded.
A yak comes into view.
You shoot an arrow. The arrow hits the yak.
The yak is lightly wounded.
You shoot an arrow. The arrow barely misses the yak. x2
You swap places.
You shoot an arrow. The arrow closely misses the troll.
Appius hits the yak but does no damage.
You shoot an arrow. The arrow completely misses the troll.
The troll bites you! The troll claws you! x2
Unknown command.
Unknown command.
Appius barely misses the yak.
Appius blocks something's attack.
Something barely misses Appius.
Appius blocks something's attack.
The troll bites you! The troll claws you but does no damage.
The troll claws you!
* * * LOW HITPOINT WARNING * * *
Unknown command.
Unknown command.
You feel much better. The troll bites you. The troll misses you.
The troll claws you! The yak attacks as it pursues you! The yak gores you.
* * * LOW HITPOINT WARNING * * *
Unknown command.
Unknown command.
The yak gores you.
* * * LOW HITPOINT WARNING * * *
The troll attacks as it pursues you! The troll completely misses you.
The troll claws you!
* * * LOW HITPOINT WARNING * * *
The troll closely misses you.
Appius hits the yak with a +0 flail.
The troll bites you!
You die...

#...'..YY....
#...#........
#...#......Y. .
##..#........ .
#.Y#........ .
#####RY#........ .
#......#........ .
#####YT##############+#.
#..@................
#...................
#...................
#..........#####....
#..........#...#....
#.....######...'....
#.....#........#....
#.....#.......##....
#.....#.......#.....


You could see the friendly Appius the knight, 3 yaks and a troll (ally target).

Vanquished Creatures
  2 two-headed ogres
  An arcanist (D:9)
  4 large abominations (D:9)
  A kobold demonologist (D:8)
  10 yaks
  A steam dragon (D:10)
  4 ice beasts
  2 orc warriors (Bailey)
  A black bear (D:7)
  An ogre (D:6)
  2 centaurs
  2 phantoms
  4 kobold brigands
  A bullfrog (D:10)
  5 small abominations (D:9)
  A scorpion (D:5)
  2 wights (D:9)
  11 killer bees
  3 howler monkeys
  A bombardier beetle (D:4)
  5 hounds
  2 jellies
  5 orc priests
  A gnoll bouda (D:6)
  Jessica (D:2)
  Crazy Yiuf (D:2)
  A sleepcap (D:5)
  4 orc wizards
  Robin (D:3)
  6 adders
  14 gnolls
  A white imp (D:6)
  2 ufetubi (D:5)
  3 dart slugs
  A ribbon worm (D:5)
  28 orcs
  8 endoplasms
  6 giant cockroaches
  16 goblins
  14 hobgoblins
  6 jackals
  2 quokkas (D:2)
  5 ball pythons
  4 bats
  3 frilled lizards
  18 kobolds
  3 rats
220 creatures vanquished.

Vanquished Creatures (collateral kills)
  A two-headed ogre (D:8)
  4 yaks
  A steam dragon (D:9)
  7 orc warriors (Bailey)
  An ogre (D:5)
  A centaur (D:5)
  2 phantoms
  A kobold brigand (D:8)
  A bullfrog (D:6)
  2 gnoll sergeants
  2 small abominations (D:9)
  A killer bee (D:8)
  A hound (D:5)
  An orc wizard (D:6)
  A knight (Bailey)
  2 gnolls
  An orc (D:7)
  A bat (D:9)
  A hobgoblin (Bailey)
  A jackal (D:4)
  2 kobolds
  A quokka (D:5)
  2 goblins (Bailey)
38 creatures vanquished.

Vanquished Creatures (others)
  2 wights (D:9)
  4 knights
6 creatures vanquished.

Grand Total: 264 creatures vanquished

Notes
Turn   | Place    | Note
-------+----------+-------------------------------------------
     0 | D:1      | Daunt the Barachi Shapeshifter began the quest for the Orb.
     0 | D:1      | Reached XP level 1. HP: 15/15 MP: 1/1
   213 | D:1      | Reached XP level 2. HP: 19/23 MP: 2/2
   927 | D:1      | Reached skill level 1 in Ranged Weapons
   927 | D:1      | Reached XP level 3. HP: 20/28 MP: 3/3
  1314 | D:2      | Identified the +3 whip of the Butterfly {distort, Str+2
                  | Dex+3}
  1346 | D:2      | Reached skill level 2 in Ranged Weapons
  1460 | D:2      | Found a hazy altar of Hepliaklqana.
  1466 | D:2      | Became a worshipper of Hepliaklqana the Forgotten
  1564 | D:2      | Reached XP level 4. HP: 34/34 MP: 4/4
  1627 | D:2      | Noticed Jessica
  1638 | D:2      | Killed Jessica
  1639 | D:2      | Reached skill level 3 in Ranged Weapons
  1651 | D:2      | Found a runed translucent door.
  1652 | D:2      | Noticed Crazy Yiuf
  2018 | D:3      | Found an opulent altar of Gozag.
  2038 | D:3      | Identified the +2 robe of the Vacuum {rC+ rCorr Slay+2}
  2092 | D:3      | Reached skill level 4 in Ranged Weapons
  2092 | D:3      | Reached XP level 5. HP: 40/40 MP: 5/5
  2238 | D:3      | Found a snail-covered altar of Cheibriados.
  2366 | D:3      | Reached skill level 5 in Ranged Weapons
  2366 | D:3      | Noticed Robin
  2381 | D:3      | Killed Robin
  2382 | D:3      | Reached XP level 6. HP: 44/46 MP: 6/6
  2414 | D:3      | Found a shimmering altar of Xom.
  2414 | D:3      | Found a shimmering altar of Xom.
  2414 | D:3      | Found a shimmering altar of Xom.
  2415 | D:3      | Found a shimmering altar of Xom.
  2415 | D:3      | Found a shimmering altar of Xom.
  2416 | D:3      | Found a shimmering altar of Xom.
  2418 | D:3      | Found a shimmering altar of Xom.
  2567 | D:3      | Found a burning altar of Makhleb.
  2957 | D:4      | Reached * piety under Hepliaklqana
  2968 | D:4      | Found a staircase to the Ecumenical Temple.
  3048 | D:4      | Found a blossoming altar of Fedhas.
  3123 | D:4      | Reached skill level 6 in Ranged Weapons
  3548 | D:2      | Killed Crazy Yiuf
  3659 | D:5      | Entered Level 5 of the Dungeon
  3679 | D:5      | Noticed an ice beast
  3693 | D:5      | Killed an ice beast
  3694 | D:5      | Reached XP level 7. HP: 33/46 MP: 7/7
  3860 | D:5      | Reached skill level 7 in Ranged Weapons
  3954 | D:5      | Reached ** piety under Hepliaklqana
  3955 | D:5      | Remembered your ancestor Appius as a knight
  4008 | D:5      | Reached XP level 8. HP: 54/54 MP: 8/8
  4035 | D:5      | Reached skill level 5 in Fighting
  4050 | D:5      | Found a sparkling altar of Nemelex Xobeh.
  4113 | D:5      | Reached skill level 8 in Ranged Weapons
  4320 | D:5      | Found an ancient bone altar of Kikubaaqudgha.
  4451 | D:5      | Found an ornate altar of the Wu Jian Council.
  4887 | D:6      | Reached skill level 9 in Ranged Weapons
  5076 | D:6      | Reached XP level 9. HP: 63/63 MP: 9/9
  5145 | D:7      | Found a flagged portal.
  5161 | Bailey   | Entered a bailey
  5360 | Bailey   | Reached skill level 10 in Ranged Weapons
  5649 | Bailey   | Identified the +1 pair of boots "Dompu" {Dex+2}
  5744 | D:7      | Reached *** piety under Hepliaklqana
  5765 | D:7      | Reached skill level 11 in Ranged Weapons
  5781 | D:7      | Found a shadowy altar of Dithmenos.
  6087 | D:8      | Noticed a troll
  6116 | D:8      | Noticed a kobold demonologist
  6171 | D:8      | Noticed a two-headed ogre
  6180 | D:8      | Killed a two-headed ogre
  6181 | D:8      | Reached XP level 10. HP: 73/73 MP: 10/10
  6332 | D:8      | Noticed a rust devil
  6337 | D:8      | Killed a kobold demonologist
  6392 | D:8      | Found a stormy altar of Qazlal.
  6401 | D:8      | Noticed a two-headed ogre
  6504 | D:8      | Killed a two-headed ogre
  6605 | D:8      | Reached skill level 12 in Ranged Weapons
  6879 | D:8      | Reached XP level 11. HP: 81/81 MP: 11/11
  7043 | D:9      | Reached skill level 5 in Dodging
  7235 | D:9      | Reached skill level 5 in Armour
  7303 | D:9      | Reached **** piety under Hepliaklqana
  7307 | D:9      | Found a sacrificial altar of Ru.
  7319 | D:9      | Reached skill level 10 in Fighting
  7459 | D:9      | Found a glowing golden altar of the Shining One.
  7698 | D:9      | Noticed an arcanist
  7704 | D:9      | Killed an arcanist
  7710 | D:9      | Noticed a large abomination
  7710 | D:9      | Noticed a large abomination
  7954 | D:9      | Reached skill level 13 in Ranged Weapons
  8020 | D:9      | Identified the staff "Qet Zoux" {rN+ Will+ Necro}
  8051 | D:10     | Entered Level 10 of the Dungeon
  8077 | D:10     | Identified the +1 ring mail of Repulsion {rCorr Dex+3
                  | Slay+2}
  8116 | D:9      | Killed a large abomination
  8127 | D:10     | Found a bloodstained altar of Trog.
  8232 | D:10     | Noticed a two-headed ogre
  8238 | D:10     | Killed a two-headed ogre
  8296 | D:10     | HP: 4/82 [troll (14)]
  8296 | D:10     | Mangled by a troll

Illustrated notes

Levels and vault maps discovered:
D:1:      tarquinn_simple_flora_water_d, layout_basic
D:2:      layout_loops_ring, basic_altar, minmay_tromino_i4,
          uniq_crazy_yiuf_cottage, uniq_jessica
D:3:      layout_loops_ring, nicolae_overflow_hidden_temple,
          lemuel_doored_altar, xom_redecorated, bloody_makhleb, serial_bayou,
          serial_bayou_crossing, serial_bayou_pond_e, serial_bayou_shore_a,
          serial_bayou_lagoon_a, serial_bayou_pond_e, hangedman_feature_mirror,
          grunt_ministairs_5, uniq_robin
D:4:      layout_cave_pools, mainiacjoe_overflow_alcove_1,
          minmay_temple_entry_glass, dk_rats_in_the_wall
D:5:      layout_basic, nicolae_wu_jian_immortal_techniques,
          mainiacjoe_overflow_catch_the_wave, minmay_misc_feat_room
D:6:      layout_basic
D:7:      layout_basic, mainiacjoe_overflow_24_doors, enter_bailey_3
D:8:      layout_cave_pools, grunt_qazlal_sundering, hangedman_decor_push
D:9:      layout_small_grid, mainiacjoe_overflow_paths,
          nicolae_ru_great_annihilating_truth, laboratory
D:10:     minmay_sliced_demisemicircle, layout_irregular_city,
          old_standard_altar, yredelemnul_altar_generic, item_on_display_a

Skill      XL: |  1  2  3  4  5  6  7  8  9 10 11 |
---------------+----------------------------------+-----
Fighting       | 2 3 4 6 8 9 10 | 10.6
Ranged Weapons | 1 2 4 5 6 7 9 11 12 13 | 13.2
Armour         | 2 4 6 |  6.5
Dodging        | 3 4 6 |  6.3
Stealth        | 2 4 |  4.0
Unarmed Combat | |  3.2
Shapeshifting  | |  3.2

Action                     |  1- 3 |  4- 6 |  7- 9 | 10-12 || total
---------------------------+-------+-------+-------+-------++-------
  Melee: Unarmed           |    28 |       |       |       ||    28
         Punch             |     1 |       |       |       ||     1
   Fire: Sling             |    42 |   212 |   316 |   283 ||   853
         Shortbow          |       |       |       |    17 ||    17
         Orcbow            |       |       |       |    15 ||    15
 Invoke: Recall Ancestor   |       |       |     2 |       ||     2
         Ancestor Life: Kn |       |       |     1 |       ||     1
Ability: Begin Untransform |     1 |       |       |       ||     1
         Hop               |       |       |     1 |       ||     1
    Use: Potion            |       |     2 |       |     1 ||     3
         Scroll            |       |     6 |     3 |     2 ||    11
 Armour: Animal skin       |    18 |       |       |       ||    18
         Leather armour    |     4 |    11 |       |       ||    15
         Skin              |       |    26 |       |       ||    26
         Robe              |       |    27 |    46 |    38 ||   111
  Dodge: Dodged            |    35 |    32 |    38 |    29 ||   134
